 Dungeon Crawl Stone Soup version 0.30-a0-860-g512cf1e979 (webtiles) character file.

Game seed: 1128486638183533403

288 Querens the Magician (level 6, 0/70 HPs)
             Began as a Djinni Conjurer on Mar 8, 2023.
             Slain by a gnoll
             ... wielding a +0 spear
              (7 damage)
             ... on level 4 of the Dungeon.
             The game lasted 00:11:06 (1695 turns).

Querens the Magician (Djinni Conjurer)              Turns: 1695, Time: 00:11:06

Health: 0/70       AC:  3    Str:  6    XL:     6   Next: 57%
Gold:   85         EV: 12    Int: 22    God:
                   SH:  0    Dex: 11

rFire   + + .      SeeInvis .    (no weapon)
rCold   x . .      Faith    .    (no shield)
rNeg    . . .      Spirit   .    a - +0 robe
rPois   ∞          Reflect  .    (no helmet)
rElec   .          Rampage  .    d - +0 cloak
rCorr   .                        (no gloves)
Will    .....                    (boots unavailable) Stlth
                                 (no amulet)
HPRegen 0.31/turn                (no ring)
MPRegen 0.00/turn                (no ring)

@: confused, berserking, ambrosia-drunk, attractive, flying, very quick
A: sickness immunity, fire resistance 2, cold vulnerability 1, float, innate
caster, HP casting, extra vitality 1
a: no special abilities


You were on level 4 of the Dungeon.
You visited 1 branch of the dungeon, and saw 4 of its levels.
You also visited: Sewer.

You collected 85 gold pieces.

Inventory:

Hand Weapons
 c - a +0 short sword
Missiles
 k - 4 curare-tipped darts
Armour
 a - a +0 robe (worn)
 d - a +0 cloak (worn)
Scrolls
 b - 2 scrolls of identify {unknown}
 e - a scroll of enchant armour {unknown}
 f - 2 scrolls of fog {unknown}
 g - a scroll of teleportation {unknown}
 j - a scroll of silence {unknown}
 m - a scroll of amnesia {unknown}
 n - a scroll of blinking {unknown}
 o - 2 scrolls of fear {unknown}
 p - a scroll of acquirement {unknown}
 q - a scroll of enchant weapon {unknown}
Potions
 r - a potion of mutation {unknown}
 s - a potion of haste {unknown}
 t - a potion of heal wounds {unknown}


   Skills:
 + Level 4.1 Fighting
 - Level 2.1 Dodging
 - Level 1.5 Stealth
 + Level 4.7 Spellcasting


You knew the following spells:

 Your Spells              Type           Power      Damage    Failure   Level
a - Magic Dart            Conj           100%       1d8       1%          1
b - Searing Ray           Conj           50%        2d6       2%          2
c - Dazzling Flash        Conj/Hex       50%        N/A       4%          3
d - Fulminant Prism       Conj/Hex       12%        3d8       16%         4
e - Iskenderun's Mystic   Conj/Tloc      25%        2d7       16%         4
f - Beastly Appendage     Tmut           50%        N/A       1%          1
g - Momentum Strike       Conj/Tloc      50%        3d9       2%          2
Your spell library was empty.

Dungeon Overview and Level Annotations

Branches:
Dungeon (4/15)              Sewer (visited)
 Temple: D:4-7

Altars:
Wu Jian


Innate Abilities, Weirdness & Mutations

You are immune to sickness and miasma.
You are immune to poison.
Your flesh is very heat resistant. (rF++)
You are vulnerable to cold. (rC-)
You float through the air rather than walking.
You learn spells naturally, not from books.
Your magical power is your life essence.
You have superior vitality. (+4 MHP)


Message History

The mystic blast hits the iguana but does no damage.
The iguana is almost dead.
* * * LOW HITPOINT WARNING * * *
The endoplasm freezes you.
You are frozen.
You feel a terrible chill!
* * * LOW HITPOINT WARNING * * *
The iguana bites you.
* * * LOW HITPOINT WARNING * * *
Unknown command.
Casting: Iskenderun's Mystic Blast (quite dangerous; 16% risk of failure)
Confirm with . or Enter, or press ? or * to list all spells.
You don't have enough health to cast this spell.
There are monsters nearby!
Unknown command.
Unknown command.
Unknown command.
Okay, then.
The iguana attacks as you move away!
The iguana bites you but does no damage.
It was a potion of attraction.
You feel attractive to monsters. The iguana barely misses you.
The gnoll is attracted toward you.
It was a potion of ambrosia.
You are confused.
You feel invigorated. The iguana closely misses you. The endoplasm freezes you.
You are frozen.
You feel a terrible chill!
* * * LOW HITPOINT WARNING * * *
The gnoll barely misses you.
You hit the endoplasm.
You kill the endoplasm!
The iguana closely misses you.
The gnoll hits you from afar with a +0 spear.
* * * LOW HITPOINT WARNING * * *
It was a potion of berserk rage.
A red film seems to cover your vision as you go berserk!
You feel yourself moving faster!
You feel mighty! The iguana bites you.
* * * LOW HITPOINT WARNING * * *
The gnoll hits you from afar with a +0 spear!
You die...

..# ..
#.. #..#
#..#
#..##
#..# #@##
#l.##
##g.##
#<...#
#....#
#.)...#
#...)..#
........#
........#


You could see an iguana and a gnoll.

Vanquished Creatures
  A phantom (D:3)
  A kobold brigand (Sewer)
  An orc wizard (D:3)
  2 gnolls (D:4)
  A river rat (Sewer)
  An adder (D:2)
  5 worms
  2 orcs (D:3)
  4 endoplasms
  A giant cockroach (D:1)
  A goblin (D:1)
  6 hobgoblins
  10 jackals
  9 kobolds
  3 quokkas (D:1)
  13 ball pythons
  2 bats (D:3)
  2 frilled lizards (D:2)
  11 rats
76 creatures vanquished.

Vanquished Creatures (others)
  2 plants (D:1)
2 creatures vanquished.

Grand Total: 78 creatures vanquished

Notes
Turn   | Place    | Note
-------+----------+-------------------------------------------
     0 | D:1      | Querens the Djinni Conjurer began the quest for the Orb.
     0 | D:1      | Querens set off with the following spells memorised: Magic
                  | Dart, Searing Ray, Dazzling Flash, Fulminant Prism,
                  | Iskenderun's Mystic Blast.
     0 | D:1      | Reached XP level 1. HP: 15/15 MP: 0/0
   105 | D:1      | Reached skill level 1 in Fighting
   105 | D:1      | Reached XP level 2. HP: 16/22 MP: 0/0
   213 | D:1      | Reached XP level 3. HP: 12/27 MP: 0/0
   213 | D:1      | Learned a level 1 spell: Beastly Appendage
   770 | D:2      | Reached XP level 4. HP: 26/33 MP: 0/0
  1078 | D:3      | Found a glowing drain.
  1250 | Sewer    | Entered a sewer
  1289 | Sewer    | Reached XP level 5. HP: 36/40 MP: 0/0
  1289 | Sewer    | Learned a level 2 spell: Momentum Strike
  1293 | Sewer    | Noticed a kobold brigand
  1300 | Sewer    | Killed a kobold brigand
  1412 | Sewer    | Reached XP level 6. HP: 34/46 MP: 0/0
  1444 | D:3      | Found an ornate altar of the Wu Jian Council.
  1688 | D:4      | HP: 1/47 [iguana (6)]
  1693 | D:4      | HP: 1/47 [frozen (6)]
  1695 | D:4      | Slain by a gnoll

Illustrated notes

Levels and vault maps discovered:
D:1:      grunt_arrival_lava_bath, layout_basic,
          shapermc_ecumenical_altar_mp_urbaneastern
D:2:      layout_loops_ring, kennysheep_generic_room_3
D:3:      layout_basic, mainiacjoe_overflow_alcove_4,
          mainiacjoe_overflow_small_starburst,
          nicolae_uskayaw_murder_on_the_dancefloor,
          cheibrodos_sewer_entry_sluice
D:4:      layout_cave_pods, mainiacjoe_overflow_boulevard, serial_shops,
          nicolae_take_the_stairs, st_stairs_11

Skill      XL: |  1  2  3  4  5  6 |
---------------+-------------------+-----
Fighting       | 1 2 3 4 |  4.1
Spellcasting   | 4 |  4.7
Dodging        | |  2.1
Stealth        | |  1.5

Action                     |  1- 3 |  4- 6 || total
---------------------------+-------+-------++-------
  Melee: Unarmed           |       |     1 ||     1
   Cast: Magic Dart        |    44 |    29 ||    73
         Searing Ray       |     6 |    20 ||    26
         Momentum Strike   |       |     1 ||     1
         Iskenderun's Myst |       |     1 ||     1
    Use: Potion            |       |     3 ||     3
 Armour: Robe              |     1 |     6 ||     7
  Dodge: Dodged            |    10 |    20 ||    30

Table legend: (Time is in decaauts)
 A = Elapsed time spent in this place.
 B = Non-inter-level travel time spent in this place.
 C = Inter-level travel time spent in this place.
 D = Time resting spent in this place.
 E = Time spent auto-exploring this place.
 F = Levels seen in this place.
 G = Mean time per level.
                   A        B        C        D        E       F      G
               +--------+--------+--------+--------+--------+-----+--------+
         Total |   1693 |   1520 |    173 |      0 |      0 |   5 |  338.6 |
       Dungeon |   1516 |   1343 |    173 |      0 |      0 |   4 |  379.0 |
         Sewer |    176 |    176 |      0 |      0 |      0 |   1 |  176.0 |
               +--------+--------+--------+--------+--------+-----+--------+

Top non-repeatable levels by time:
     D:2: 593 daAuts
     D:1: 480 daAuts
     D:3: 425 daAuts
   Sewer: 176 daAuts
     D:4: 17 daAuts
